 Dungeon Crawl Stone Soup version 0.23-a0-183-gf37f6fb (webtiles) character file.

219879 George the Warrior (level 18, -5/171 HPs)
             Began as a Minotaur Fighter on Sept 22, 2018.
             Was the Champion of Okawaru.
             Slain by a nagaraja
             ... wielding a +0 spear
              (14 damage)
             ... on level 4 of the Snake Pit.
             The game lasted 01:10:05 (35557 turns).

George the Warrior (Minotaur Fighter)              Turns: 35557, Time: 01:10:05

Health: -5/171     AC: 27    Str: 23    XL:     18   Next: 46%
Magic:  24/24      EV: 13    Int:  9    God:    Okawaru [******]
Gold:   3387       SH: 28    Dex: 16    Spells: 17/17 levels left

rFire    + . .     SeeInvis +   A - +6 demon blade of Ruagul {flame, Int+4 SInv}
rCold    . . .     Gourm    .   R - +0 large shield of Defiance {MR+}
rNeg     . . .     Faith    .   G - +4 plate armour {rF+}
rPois    +         Spirit   .   U - +1 hat
rElec    +         Reflect  +   P - scarf {cloud immunity}
rCorr    .         Harm     .   K - +1 pair of gloves
MR       +++..                  O - +0 pair of boots
Stlth    ..........             V - +6 amulet of reflection
HPRegen  0.38/turn              l - ring of protection from magic
MPRegen  0.19/turn              Q - ring "Sisionymp" {rElec rPois}

@: lethally poisoned (-5 -> -17), about to teleport, constricted
A: retaliatory headbutt, horns 2
}: 1/15 runes: decaying
a: Heroism, Finesse, Renounce Religion


You were on level 4 of the Snake Pit.
You worshipped Okawaru.
Okawaru was exalted by your worship.
You were not hungry.

You visited 6 branches of the dungeon, and saw 32 of its levels.
You also visited: Ice Cave and Volcano.

You collected 3682 gold pieces.
You spent 295 gold pieces at shops.

Inventory:

Hand Weapons
 q - the +10 double sword of Hiziro Xott {freeze, +Blink Str+8 Int-5 Dex-5}
   (Okawaru gifted it to you on level 6 of the Lair of Beasts)

   It has been specially enchanted to freeze those struck by it, causing extra
   injury to most foes and up to half again as much damage against particularly
   susceptible opponents.
   It can also slow down cold-blooded creatures.
   It affects your strength (+8).
   It affects your intelligence (-5).
   It affects your dexterity (-5).
   It lets you blink.
 A - the +6 demon blade of Ruagul (weapon) {flame, Int+4 SInv}
   (Okawaru gifted it to you on level 11 of the Dungeon)

   It has been specially enchanted to burn those struck by it, causing extra
   injury to most foes and up to half again as much damage against particularly
   susceptible opponents.
   Big, fiery blades are also staple armaments of hydra-hunters.
   It affects your intelligence (+4).
   It lets you see invisible.
 Y - a +3 demon blade of electrocution
Armour
 G - a +4 plate armour of fire resistance (worn)
 K - a +1 pair of gloves (worn)
 O - a +0 pair of boots (worn)
 P - a scarf of cloud immunity (worn)
 R - the +0 large shield of Defiance (worn) {MR+}
   (You found it on level 4 of the Lair of Beasts)

   It affects your resistance to hostile enchantments.
 U - a +1 hat (worn)
Jewellery
 e - an uncursed ring of protection from cold
 g - an uncursed amulet of the gourmand
 l - a ring of protection from magic (left hand)
 m - an uncursed ring of resist corrosion
 p - an uncursed ring of protection from fire
 I - an uncursed ring of see invisible
 L - the cursed necklace of Bloodlust {*Rage +Rage MR++ Int-3 Slay+6 *Curse}
   (You took it off a naga on level 4 of the Snake Pit)

   [amulet of rage]

   It affects your intelligence (-3).
   It affects your accuracy and damage with ranged weapons and melee attacks
   (+6).
   It affects your resistance to hostile enchantments.
   It lets you go berserk.
   It may make you go berserk in combat.
   It curses itself when equipped.
   It has a curse placed upon it.
 Q - the ring "Sisionymp" (right hand) {rElec rPois}
   (You found it on level 1 of the Swamp)

   [ring of poison resistance]

   It insulates you from electricity.
   It protects you from poison.
 V - a +6 amulet of reflection (around neck)
Wands
 h - a wand of digging (38)
 u - a wand of clouds (16)
 B - a wand of disintegration (51)
 J - a wand of acid (10)
 M - a wand of scattershot (8)
Scrolls
 a - a scroll of acquirement
 c - 4 scrolls of magic mapping
 i - 9 scrolls of immolation
 r - 15 scrolls of remove curse
 s - a scroll of identify
 t - 20 scrolls of teleportation
 v - 5 scrolls of enchant weapon
 x - 6 scrolls of enchant armour
 y - 3 scrolls of blinking
 E - 3 scrolls of fear
 F - 2 scrolls of silence
 H - 3 scrolls of fog
 T - a scroll of holy word
 X - a scroll of brand weapon
Potions
 b - 2 potions of haste
 d - 7 potions of might
 j - 13 potions of curing
 k - 2 potions of flight
 o - 7 potions of agility
 w - 5 potions of heal wounds
 z - 4 potions of resistance
 C - 2 potions of mutation
 N - 2 potions of ambrosia
 S - 3 potions of invisibility
 W - 3 potions of cancellation
 Z - a potion of magic
Miscellaneous
 n - a lightning rod (4/4)
Comestibles
 f - 46 rations
 D - 3 chunks of flesh


   Skills:
 + Level 17.9 Fighting
 - Level 14.0 Long Blades
 + Level 17.7 Armour
 + Level 16.3 Dodging
 + Level 17.7 Shields
 - Level 10.0 Invocations


You had 17 spell levels left.
You didn't know any spells.
Your spell library contained the following spells:

 Spells                   Type           Power        Failure   Level  Hunger
 Animate Skeleton         Necr           N/A          100%        1    ##.....
 Corona                   Hex            #......      100%        1    ##.....
 Freeze                   Ice            #...         100%        1    ##.....
 Magic Dart               Conj           #...         100%        1    ##.....
 Pain                     Necr           #...         100%        1    ##.....
 Summon Small Mammal      Summ           #...         100%        1    ##.....
 Blink                    Tloc           N/A          100%        2    ###....
 Call Imp                 Summ           #.......     100%        2    ###....
 Ensorcelled Hibernation  Hex/Ice        #.....       100%        2    ###....
 Searing Ray              Conj           #.....       100%        2    ###....
 Slow                     Hex            #.......     100%        2    ###....
 Throw Frost              Conj/Ice       #.....       100%        2    ###....
 Confuse                  Hex            #.......     100%        3    ####...
 Conjure Flame            Conj/Fire      #.......     100%        3    ####...
 Dazzling Spray           Conj/Hex       #.....       100%        3    ####...
 Mephitic Cloud           Conj/Pois/Air  #.......     100%        3    ####...
 Ozocubu's Armour         Chrm/Ice       #.......     100%        3    ####...
 Regeneration             Chrm/Necr      #.........   100%        3    ####...
 Spider Form              Tmut/Pois      #.........   100%        3    ####...
 Summon Guardian Golem    Hex/Summ       #.......     100%        3    ####...
 Tukima's Dance           Hex            #.......     100%        3    ####...
 Vampiric Draining        Necr           #.........   100%        3    ####...
 Animate Dead             Necr           N/A          100%        4    #####..
 Force Lance              Conj/Tloc      #.......     100%        4    #####..
 Fulminant Prism          Conj/Hex       #.........   100%        4    #####..
 Iskenderun's Mystic Bla  Conj           #.......     100%        4    #####..
 Summon Ice Beast         Ice/Summ       #.......     100%        4    #####..
 Throw Icicle             Conj/Ice       #.......     100%        4    #####..
 Aura of Abjuration       Summ           #.........   100%        5    ######.
 Bolt of Magma            Conj/Fire/Erth #.........   100%        5    ######.
 Iskenderun's Battlesphe  Conj/Chrm      #.......     100%        5    ######.
 Venom Bolt               Conj/Pois      #.........   100%        5    ######.
 Iron Shot                Conj/Erth      #.........   100%        6    #######
 Shadow Creatures         Summ           N/A          100%        6    #######
 Orb of Destruction       Conj           #.........   100%        7    #######
 Spellforged Servitor     Conj/Summ      #.........   100%        7    #######


Dungeon Overview and Level Annotations

Branches:
Dungeon (15/15)            Temple (1/1) D:4            Lair (6/6) D:8
  Swamp (4/4) Lair:3        Snake (4/4) Lair:3        Slime (0/5) Lair:5
    Orc (2/2) D:10            Elf (0/3) Orc:2        Vaults (0/5) D:14
 Depths (0/5) D:15

Altars:
Ashenzari
Cheibriados
Dithmenos
Elyvilon
Fedhas
Gozag
Hepliaklqana
Kikubaaqudgha
Makhleb
Nemelex Xobeh
Okawaru
Qazlal
Ru
Sif Muna
Trog
Uskayaw
Vehumet
Wu Jian
Xom
Yredelemnul
Zin
The Shining One
Beogh
Jiyva

Shops:
D:13 =*   Orc:1 (   Orc:2 :[*=   Snake:1 (   Snake:3 :*:(


Innate Abilities, Weirdness & Mutations

You reflexively headbutt those who attack you in melee.
You have a pair of horns on your head.


Message History

The naga warrior blinks into view!
As you read the scroll of teleportation, it crumbles to dust.
You feel strangely unstable.
You feel sick.
The anaconda looks more healthy.
You block the anaconda's attack.
* * * LOW HITPOINT WARNING * * *
The anaconda constricts you. The black mamba bites you!
* * * LOW HITPOINT WARNING * * *
You block the nagaraja's attack. The guardian serpent hits you!
* * * LOW HITPOINT WARNING * * *
The anaconda bites you but does no damage.
The anaconda constricts you. You block the black mamba's attack.
You block the guardian serpent's attack.
The naga warrior spits poison at you. The splash of poison misses you.
The splash of poison hits the anaconda.
The anaconda is poisoned.
The naga sharpshooter spits poison at you.
The splash of poison hits you! You resist.
You block the guardian serpent's attack.
The nagaraja hits you from afar with a spear!
You die...

.....# #.# .## .....#
#.# ..# .....# ..# ..#
.....#### ##)# ##.#
........# #..# .#
.....##.###.######.#####
.....##....).)[(..(.....
################NN#####
#@SS# #.NSSSN...#
.....NSNNN.....
......SNN......
.......#N#..... ...####
..####. .## .. ..⌠


You could see 3 naga warriors, a nagaraja, a naga sharpshooter, an anaconda, a
naga ritualist, 4 guardian serpents, 2 black mambas, 3 naga magi and 2 nagas.

Vanquished Creatures
  Saint Roka (Snake:3)
  Rupert (Lair:5)
  Agnes (D:15)
  A thorn hunter (Swamp:2)
  5 nagarajas
  The ghost of Veumoedo the Fencer, a journeyman DgGl (Snake:2)
  A frost giant (IceCv)
  An orc warlord (D:14)
  Louise (Snake:1)
  A very ugly thing (D:14)
  4 dire elephants (Lair:6)
  Harold (Lair:2)
  Josephine (Snake:1)
  4 vault guards (D:14)
  12 anacondas
  2 ghost crabs
  Fannar (D:11)
  11 naga warriors
  22 hydras
  4 shambling mangroves
  2 dancing weapons
  A centaur warrior (D:14)
  3 two-headed ogres
  9 alligators
  A queen ant (D:11)
  The ghost of DrakeDragon the Destroyer, a journeyman TeVM of Kikubaaqudgha (D:10)
  A death yak (IceCv)
  2 shock serpents (Snake:2)
  6 naga sharpshooters
  5 orc high priests
  Nergalle (Lair:2)
  Urug (D:12)
  2 spriggan berserkers (Swamp:4)
  3 skeletal warriors (D:13)
  4 salamander mystics
  A spriggan druid (Swamp:4)
  7 orc knights
  6 naga ritualists
  11 swamp dragons
  4 unseen horrors
  An orange crystal statue (D:15)
  6 wizards
  Pikel (D:6)
  8 mana vipers
  A harpy (shapeshifter) (D:13)
  A wolf spider zombie (D:15)
  A necromancer (D:15)
  14 ugly things
  11 deep elf magi
  8 orc sorcerers
  15 salamanders
  4 cyclopes
  6 manticores
  5 toenail golems (Volcano)
  Joseph (D:7)
  10 elephants (Lair:6)
  Maurice (D:8)
  32 black mambas
  A gargoyle (D:11)
  A torpor snail (Lair:3)
  9 guardian serpents
  13 naga magi
  2 ice statues
  15 spiny frogs
  7 centaur skeletons
  2 yaktaurs (D:15)
  5 komodo dragons
  A kobold demonologist (D:14)
  A rime drake (IceCv)
  A tengu conjurer (D:14)
  15 polar bears
  A polar bear (shapeshifter) (D:13)
  14 hornets
  9 trolls
  4 blink frogs (Lair:6)
  A wolf spider simulacrum (D:13)
  14 slime creatures
  11 hippogriffs
  6 bog bodies
  13 tyrant leeches
  A centaur simulacrum (D:15)
  7 spriggans
  6 shadows
  A vampire (D:11)
  A water elemental (D:13)
  3 wyverns
  7 wraiths
  66 yaks
  2 basilisks (D:8)
  18 vampire mosquitoes
  Grum (D:8)
  3 hungry ghosts
  3 fire bats (Lair:2)
  7 wargs
  16 insubstantial wisps
  12 swamp worms
  37 nagas
  10 soldier ants
  9 water moccasins
  42 orc warriors
  10 porcupines
  11 swamp drakes
  6 ice beasts
  A sky beast (D:5)
  A black bear (D:6)
  2 slaves
  A necrophage (D:7)
  4 phantoms
  An eye of draining (D:10)
  15 ogres
  27 wolves
  3 centaurs
  2 big kobolds
  13 crocodiles
  A wyvern zombie (D:6)
  15 bullfrogs
  3 gnoll sergeants
  A hornet simulacrum (D:13)
  2 wyvern skeletons
  6 scorpions
  46 killer bees (D:10)
  5 electric eels
  7 wights
  3 howler monkeys
  3 bullfrog zombies
  4 centaur zombies
  10 crimson imps
  2 quasits
  20 orc priests
  7 hounds
  Ijyb (D:3)
  3 bullfrog skeletons
  9 iguanas
  38 orc wizards
  26 worker ants
  A hound zombie (D:9)
  3 hound skeletons
  A howler monkey zombie (D:11)
  A worker ant zombie (D:10)
  27 gnolls
  A howler monkey skeleton (D:10)
  5 adders
  A shadow imp (D:10)
  15 white imps
  2 ufetubi (D:13)
  2 oozes
  An adder zombie (D:9)
  A worm (D:2)
  A dart slug (D:2)
  6 leopard geckos
  106 orcs
  5 ball pythons (Swamp:2)
  6 giant cockroaches
  17 goblins
  4 hobgoblins
  20 jackals
  17 kobolds
  2 quokkas
  8 bats
  4 frilled lizards
  9 rats
  6 plants
1252 creatures vanquished.

Vanquished Creatures (others)
  Nessos (D:13)
  A naga sharpshooter (Snake:1)
  A deep elf mage (Orc:1)
  A naga mage (Snake:2)
  A yaktaur (D:15)
  2 polar bears (IceCv)
  A naga (Snake:4)
  3 wolves (IceCv)
  A centaur (D:13)
  An orc wizard (Orc:2)
  An orc (Orc:2)
  A fungus (Lair:5)
  9 plants
24 creatures vanquished.

Grand Total: 1276 creatures vanquished

Notes
Turn   | Place    | Note
-------+----------+-------------------------------------------
     0 | D:1      | George the Minotaur Fighter began the quest for the Orb.
     0 | D:1      | Reached XP level 1. HP: 19/19 MP: 0/0
   302 | D:1      | Reached XP level 2. HP: 26/26 MP: 1/1
   607 | D:2      | Found a snail-covered altar of Cheibriados.
   614 | D:2      | Reached XP level 3. HP: 27/31 MP: 2/2
  1016 | D:2      | Found a deep blue altar of Sif Muna.
  1261 | D:2      | Found a glowing silver altar of Zin.
  1281 | D:2      | Reached skill level 5 in Long Blades
  1339 | D:3      | Reached XP level 4. HP: 39/39 MP: 3/3
  1469 | D:3      | Reached XP level 5. HP: 41/45 MP: 4/4
  1550 | D:3      | Found a sacrificial altar of Ru.
  2057 | D:3      | Noticed Ijyb
  2065 | D:3      | Killed Ijyb
  2065 | D:3      | Reached XP level 6. HP: 48/51 MP: 5/5
  2433 | D:4      | Found a staircase to the Ecumenical Temple.
  2446 | Temple   | Entered the Ecumenical Temple
  2530 | Temple   | Became a worshipper of Warmaster Okawaru
  3024 | D:4      | Reached skill level 1 in Dodging
  3029 | D:4      | Reached skill level 1 in Invocations
  3034 | D:4      | Reached XP level 7. HP: 31/59 MP: 6/6
  3093 | D:3      | HP: 2/59 [ogre/giant spiked club (7)]
  3452 | D:4      | Reached * piety under Okawaru
  3512 | D:4      | Got an encrusted dagger
  3842 | D:5      | Entered Level 5 of the Dungeon
  4125 | D:5      | Reached XP level 8. HP: 65/67 MP: 8/8
  4237 | D:5      | Reached skill level 5 in Fighting
  4237 | D:5      | Reached skill level 5 in Armour
  4237 | D:5      | Reached skill level 5 in Shields
  4321 | D:5      | Found a shimmering altar of Xom.
  4339 | D:5      | Reached ** piety under Okawaru
  5054 | D:6      | Identified the cursed +0 dagger of the Philosopher {venom,
                  | +Fly rElec rF- Dex-3} (You found it on level 4 of the
                  | Dungeon)
  5071 | D:6      | Found a blossoming altar of Fedhas.
  5197 | D:6      | Found a shadowy altar of Dithmenos.
  5484 | D:7      | Found a bloodstained altar of Trog.
  5523 | D:7      | Reached XP level 9. HP: 75/75 MP: 10/10
  5525 | D:7      | Found a hide-covered altar of Uskayaw.
  5746 | D:7      | Reached *** piety under Okawaru
  5898 | D:7      | Noticed Joseph
  5898 | D:7      | Noticed Pikel
  5929 | D:7      | Killed Joseph
  5978 | D:6      | Killed Pikel
  5978 | D:6      | Reached **** piety under Okawaru
  5978 | D:6      | Reached skill level 10 in Long Blades
  5978 | D:6      | Reached skill level 5 in Dodging
  6363 | D:8      | Found a glowing golden altar of the Shining One.
  6368 | D:8      | Noticed Maurice
  6388 | D:8      | Killed Maurice
  6388 | D:8      | Reached skill level 5 in Invocations
  6724 | D:8      | Reached XP level 10. HP: 62/86 MP: 12/12
  6753 | D:8      | Reached ***** piety under Okawaru
  6969 | D:8      | Found a staircase to the Lair.
  7008 | D:8      | Found a white marble altar of Elyvilon.
  7142 | D:8      | Noticed Grum
  7161 | D:8      | Killed Grum
  7927 | D:9      | Received a gift from Okawaru
  7928 | D:9      | Got a brightly glowing double sword {god gift}
  7929 | D:9      | Identified the +6 double sword of Ravage {drain, rPois
                  | Str+2 Int-2 Dex+4} (Okawaru gifted it to you on level 9 of
                  | the Dungeon)
  8275 | D:10     | Entered Level 10 of the Dungeon
  8343 | D:10     | Killed an unseen horror
  8388 | D:10     | Reached XP level 11. HP: 82/95 MP: 12/14
  8399 | D:10     | Noticed DrakeDragon's ghost (journeyman TeVM)
  8400 | D:10     | Found a transporter.
  8400 | D:10     | Noticed a two-headed ogre
  8515 | D:10     | Noticed a two-headed ogre
  8549 | D:10     | Received a gift from Okawaru
  9188 | D:10     | Found a staircase to the Orcish Mines.
  9254 | D:10     | Killed an unseen horror
  9412 | D:10     | Found a transporter.
  9429 | D:10     | Killed a two-headed ogre
  9435 | D:10     | Killed a two-headed ogre
  9448 | D:10     | Killed DrakeDragon's ghost
  9450 | D:10     | Got a polished dire flail {flame}
  9450 | D:10     | Got a smoking great mace {venom}
  9484 | D:10     | Identified the +1 dire flail of the Shrike {flame, rPois}
                  | (You took it off a two-headed ogre on level 10 of the
                  | Dungeon)
  9485 | D:10     | Identified the +2 great mace of Wealth {venom, rPois rC+}
                  | (You took it off a two-headed ogre on level 10 of the
                  | Dungeon)
  9624 | D:11     | Noticed a five-headed hydra
  9641 | D:11     | Killed a five-headed hydra
  9850 | D:11     | Reached XP level 12. HP: 59/106 MP: 8/16
  9937 | D:11     | Reached skill level 10 in Fighting
 10147 | D:11     | Reached skill level 10 in Armour
 10172 | D:11     | Noticed a queen ant
 10176 | D:11     | Reached skill level 10 in Shields
 10185 | D:11     | Killed a queen ant
 10185 | D:11     | Received a gift from Okawaru
 10224 | D:11     | Got a slimy demon blade {god gift}
 10228 | D:11     | Identified the +6 demon blade of Ruagul {flame, Int+4 SInv}
                  | (Okawaru gifted it to you on level 11 of the Dungeon)
 10308 | D:11     | Noticed Fannar
 10339 | D:11     | Killed Fannar
 10668 | D:11     | Received a gift from Okawaru
 11189 | D:12     | Noticed Urug
 11203 | D:12     | Killed Urug
 11203 | D:12     | Reached ****** piety under Okawaru
 11304 | D:12     | Noticed a two-headed ogre
 11308 | D:12     | Killed a two-headed ogre
 11967 | Lair:1   | Entered Level 1 of the Lair of Beasts
 12160 | Lair:1   | Received a gift from Okawaru
 12161 | Lair:1   | Found the +8 demon blade "Bloodbane" {slice, *Rage +Rage
                  | Stlth-}
 12690 | Lair:2   | Found a dark tunnel.
 12700 | Volcano  | Entered a volcano
 12854 | Volcano  | Reached XP level 13. HP: 105/116 MP: 16/18
 12945 | Volcano  | Received a gift from Okawaru
 13519 | Lair:2   | Noticed Harold
 13533 | Lair:2   | Killed Harold
 13601 | Lair:2   | Reached skill level 10 in Dodging
 13753 | Lair:2   | Noticed Nergalle
 13762 | Lair:2   | Killed Nergalle
 14239 | Lair:3   | Found a staircase to the Swamp.
 14415 | Lair:3   | Found a staircase to the Snake Pit.
 14947 | Lair:3   | Got a crystal long sword
 15120 | Lair:4   | Received a gift from Okawaru
 16098 | Lair:4   | Got a jewelled large shield
 16109 | Lair:4   | Identified the cursed +0 large shield of Defiance {MR+}
                  | (You found it on level 4 of the Lair of Beasts)
 16219 | Lair:4   | Identified the +1 long sword of Insomnia {flame, -Tele
                  | +Rage MP+9} (You found it on level 3 of the Lair of Beasts)
 16492 | Lair:5   | Found a viscous altar of Jiyva.
 16493 | Lair:5   | Found a staircase to the Slime Pits.
 16505 | Lair:5   | Noticed Rupert
 16519 | Lair:5   | Killed Rupert
 16519 | Lair:5   | Reached XP level 14. HP: 85/126 MP: 15/20
 17347 | Lair:6   | Entered Level 6 of the Lair of Beasts
 17568 | Lair:6   | Reached skill level 10 in Invocations
 18050 | Lair:6   | Received a gift from Okawaru
 18637 | Lair:6   | Received a gift from Okawaru
 18638 | Lair:6   | Got an ivory double sword {god gift}
 18699 | Lair:6   | Lost intelligence.
 18699 | Lair:6   | Identified the +10 double sword of Hiziro Xott {freeze,
                  | +Blink Str+8 Int-5 Dex-5} (Okawaru gifted it to you on
                  | level 6 of the Lair of Beasts)
 18821 | Lair:6   | Got a transparent demon blade
 18822 | Lair:6   | Identified the +5 demon blade of Anguish {pain, Str+6} (You
                  | found it on level 6 of the Lair of Beasts)
 19082 | Orc:1    | Entered Level 1 of the Orcish Mines
 19082 | Orc:1    | Found Futielu's Antique Weapon Shoppe.
 19275 | Orc:1    | You fall through a shaft!
 19275 | Orc:2    | Entered Level 2 of the Orcish Mines
 19280 | Orc:2    | Found a frozen archway.
 19346 | IceCv    | Entered an ice cave
 19842 | IceCv    | Received a gift from Okawaru
 19958 | IceCv    | Received a gift from Okawaru
 20242 | IceCv    | Noticed a frost giant
 20264 | IceCv    | Killed a frost giant
 20519 | IceCv    | Identified the Guide on Supportive Venom
 20740 | Orc:2    | Reached XP level 15. HP: 117/136 MP: 21/21
 21422 | Orc:2    | Found a staircase to the Elven Halls.
 22022 | Orc:2    | Found Vyeffoq's Jewellery Shop.
 22022 | Orc:2    | Found Jowutos's Book Emporium.
 22024 | Orc:2    | Found Ejobb's Assorted Antiques.
 22024 | Orc:2    | Found Beaddentar's Antique Armour Emporium.
 22399 | Orc:2    | Bought a pair of embroidered gloves for 262 gold pieces
 22958 | D:13     | Noticed Nessos
 22961 | D:13     | Received a gift from Okawaru
 22964 | D:13     | Killed Nessos
 23006 | D:13     | Got a scorched long sword {god gift}
 23019 | D:13     | Identified the +6 long sword of Corporal Punishment {venom,
                  | MR+ Dex+3} (Okawaru gifted it to you on level 13 of the
                  | Dungeon)
 23176 | D:13     | Found Tybimao's Tempting Trifles.
 23206 | D:13     | Bought a scroll of teleportation for 33 gold pieces
 23226 | D:13     | Found Ryskeax's Jewellery Shop.
 23765 | D:14     | Found a gate to the Vaults.
 23809 | D:14     | Received a gift from Okawaru
 24016 | D:14     | Noticed an orc warlord
 24054 | D:14     | Killed an orc warlord
 24518 | D:14     | Found a roughly hewn altar of Beogh.
 25027 | D:15     | Entered Level 15 of the Dungeon
 25054 | D:15     | Found a runed door.
 25076 | D:15     | Found a runed door.
 25129 | D:15     | Found a runed door.
 25141 | D:15     | Found a runed door.
 25197 | D:15     | Noticed Agnes
 25210 | D:15     | Killed Agnes
 25262 | D:15     | Reached XP level 16. HP: 101/147 MP: 22/22
 25481 | D:15     | Reached skill level 15 in Fighting
 25729 | D:15     | Found a staircase to the Depths.
 26150 | D:15     | Reached skill level 15 in Armour
 26414 | Swamp:1  | Entered Level 1 of the Swamp
 26577 | Swamp:1  | Reached skill level 15 in Shields
 26736 | Swamp:1  | Received a gift from Okawaru
 26805 | Swamp:1  | Got a heavily runed jade ring
 28032 | Swamp:2  | Noticed a thorn hunter
 28047 | Swamp:2  | Killed a thorn hunter
 28150 | Swamp:3  | Received a gift from Okawaru
 28154 | Swamp:3  | Got a pair of pitted boots {god gift}
 28167 | Swamp:3  | Identified the +0 pair of boots of Hangman {MR+ rCorr MP+9
                  | Slay-3} (Okawaru gifted it to you on level 3 of the Swamp)
 28918 | Swamp:3  | Identified the ring "Sisionymp" {rElec rPois} (You found it
                  | on level 1 of the Swamp)
 28938 | Swamp:4  | Entered Level 4 of the Swamp
 29894 | Swamp:4  | Reached XP level 17. HP: 101/158 MP: 23/23
 30124 | Swamp:4  | Received a gift from Okawaru
 30435 | Swamp:4  | Got a decaying rune of Zot
 30866 | Snake:1  | Entered Level 1 of the Snake Pit
 30870 | Snake:1  | Noticed Louise
 30889 | Snake:1  | Killed Louise
 30894 | Snake:1  | Reached skill level 15 in Dodging
 31492 | Snake:1  | Identified a scroll of acquirement
 31582 | Snake:1  | Found Egid's Weapon Shoppe.
 31620 | Snake:1  | Noticed Josephine
 31625 | Snake:1  | Killed Josephine
 32645 | Snake:2  | Received a gift from Okawaru
 32646 | Snake:2  | Got a crystal long sword {god gift}
 32647 | Snake:2  | Identified the +2 long sword of False Hope {elec, rC+ Int+6
                  | Stlth+} (Okawaru gifted it to you on level 2 of the Snake
                  | Pit)
 33517 | Snake:2  | Found a runed door.
 33518 | Snake:2  | Found a shimmering altar of Xom.
 33518 | Snake:2  | Noticed Veumoedo's ghost (journeyman DgGl)
 33739 | Snake:2  | Killed Veumoedo's ghost
 33750 | Snake:2  | Received a gift from Okawaru
 33984 | Snake:2  | Got a smoking glaive {chaos}
 33993 | Snake:2  | Identified the +6 glaive of Forgiveness {chaos, MR++ Str+6
                  | Dex-4} (You subdued it on level 2 of the Snake Pit)
 34047 | Snake:3  | Reached XP level 18. HP: 130/170 MP: 19/24
 34325 | Snake:3  | Noticed Saint Roka
 34349 | Snake:3  | Killed Saint Roka
 34393 | Snake:3  | Found Milyhi Dohi's Book Emporium.
 34393 | Snake:3  | Found Xaulylef's General Store.
 34397 | Snake:3  | Found Dise Sas's Book Emporium.
 34398 | Snake:3  | Found Pehen's Antique Weapon Emporium.
 34832 | Snake:4  | Entered Level 4 of the Snake Pit
 35276 | Snake:4  | Found an ancient bone altar of Kikubaaqudgha.
 35536 | Snake:4  | Received a gift from Okawaru
 35557 | Snake:4  | Slain by a nagaraja

Vault maps used:
D:1:      dpeg_arrival_rooms_b
D:2:      marbit_many_paths, kennysheep_slug_shrine, zin_treasury,
          solitary_fountain
D:3:      kennysheep_goblin_castle, hangedman_ru_absence, grunt_ministairs_11
D:4:      temple_statues, minmay_misc_feat_encased
D:5:      first_ration, basic_altar, minmay_misc_feat_square
D:6:      overflow_temple_1_default, lemuel_round_altar
D:7:      lemuel_crystal_altar, eat_drink_and_be_merry_uskayaw, minivault_4,
          grunt_ministairs_15, uniq_pikel, uniq_joseph
D:8:      elyvilon_altar_3, lemuel_crystal_altar, david_lair_generic,
          grunt_pizzeria, st_stairs_9, uniq_maurice, uniq_grum
D:10:     wad_woods_minihive, orc_0_dummy, gammafunk_ghost_smash
D:11:     minmay_another_anthill, uniq_fannar
D:12:     uniq_urug
D:13:     serial_shops, shop, serial_ice, serial_ice_g, serial_ice_j,
          serial_ice_f, serial_ice_m, nicolae_alphabet_shops, uniq_nessos
D:14:     orc_temple, lightli_vaults_fourway_checkpoint,
          kennysheep_generic_room_2
D:15:     grunt_enter_depths_magical_seal, minmay_misc_feat_tower, minivault_16,
          minmay_statue_crystal_thing, uniq_agnes
Temple:   minmay_temple_forest_path
Lair:2:   nicolae_volcano_entry_batcave, uniq_harold, uniq_nergalle
Lair:3:   minmay_swamp_entry_reptiles, dummy_snake_entry, minivault_19,
          grunt_megastairs_3
Lair:4:   hibernation_bobbens
Lair:5:   slime_altar_1, serial_bayou_shore_b, serial_bayou_shore_a, uniq_rupert
Lair:6:   due_jungle_book
Swamp:1:  evilmike_swamp_ruin_house_1
Swamp:2:  hangedman_swamp_blocks, nicolae_swamp_snake_nest,
          infiniplex_staircase_pool
Swamp:3:  evilmike_swamp_ruin_house_5
Swamp:4:  swamp_basic_johnstein
Snake:1:  serial_shops, nicolae_shop_window_shopping, spider_trap,
          uniq_josephine, uniq_louise
Snake:2:  ebering_ghost_xom, nrook_guardian_serpent_ordinary
Snake:3:  special_room, minmay_shop_grid_forest, uniq_saint_roka
Snake:4:  snake_hunt, basic_altar, st_stairs_10, serial_bayou_crossing
Orc:1:    serial_shops, nicolae_shop_overgrown_old_shop, elves_outpost_lemuel
Orc:2:    grunt_orc_tribal_feast, portal_ice_cave_entry_imps
IceCv:    ice_cave_caverns_02
Volcano:  volcano_bunker

Skill      XL: |  1  2  3  4  5  6  7  8  9 10 11 12 13 14 15 16 17 18 |
---------------+-------------------------------------------------------+-----
Long Blades    | 3 4 5 6 7 8 9 10 11 12 13 14 | 14.0
Dodging        | 1 2 4 5 6 8 9 10 12 13 14 15 16 | 16.3
Fighting       | 4 5 7 8 9 11 12 13 14 16 17 | 17.9
Armour         | 4 6 7 8 9 10 12 13 14 16 17 | 17.7
Shields        | 4 6 7 8 9 10 12 13 14 16 17 | 17.7
Invocations    | 1 2 3 5 6 7 8 9 10 | 10.0

Action                   |  1- 3 |  4- 6 |  7- 9 | 10-12 | 13-15 | 16-18 || total
-------------------------+-------+-------+-------+-------+-------+-------++-------
Melee: Long sword        |   153 |   182 |   427 |   152 |       |       ||   914
       Headbutt          |    14 |    29 |    98 |   164 |   353 |   454 ||  1112
       Double sword      |       |       |       |   345 |       |       ||   345
       Short sword       |       |       |       |     9 |       |       ||     9
       Demon blade       |       |       |       |   229 |  1478 |  1590 ||  3297
Invok: Heroism           |       |       |       |     1 |     9 |     3 ||    13
       Finesse           |       |       |       |     1 |     8 |     3 ||    12
Evoke: Lightning rod     |       |       |       |       |     4 |       ||     4
  Use: Scroll            |     4 |     3 |     8 |     9 |     5 |     8 ||    37
       Potion            |       |     1 |       |       |       |     1 ||     2
 Stab: Distracted        |       |       |       |       |     1 |       ||     1
  Eat: Chunk             |     5 |     6 |     8 |    21 |    40 |    18 ||    98
       Ration            |       |       |     2 |       |       |     5 ||     7
Armor: Scale mail        |    61 |       |       |    60 |   165 |       ||   286
       Plate armour      |    11 |   103 |   192 |   181 |    41 |   326 ||   854
Dodge: Dodged            |    41 |    38 |    98 |   188 |   281 |   400 ||  1046
Block: Shield            |    68 |    86 |   202 |    66 |    23 |       ||   445
       Large shield      |       |       |       |   524 |  1040 |  1703 ||  3267
       Reflection        |       |       |       |       |    28 |   124 ||   152
       Rpst.: Long sword |    11 |    11 |    22 |     6 |       |       ||    50
       Double sword      |       |       |       |    32 |       |       ||    32
       Demon blade       |       |       |       |    10 |    68 |    84 ||   162

Table legend:
 A = Non-vault XP
 B = Vault XP
 C = Vault XP percentage of total XP
 D = Non-vault monster count
 E = Vault monster count
 F = Vault count percentage of total count
                 A         B        C        D         E       F
            +---------+---------+-------+---------+---------+-------
      Total |  213314 |  116385 |  35.3 |     877 |     374 |  29.9
            +---------+---------+-------+---------+---------+-------
        D:1 |      34 |       0 |   0.0 |      17 |       0 |   0.0
        D:2 |      39 |       6 |  13.3 |      15 |       2 |  11.8
        D:3 |     426 |      72 |  14.5 |      41 |      16 |  28.1
        D:4 |     540 |       0 |   0.0 |      29 |       0 |   0.0
        D:5 |     796 |       0 |   0.0 |      35 |       0 |   0.0
        D:6 |     585 |     629 |  51.8 |      14 |       1 |   6.7
        D:7 |    1091 |     607 |  35.7 |      15 |       2 |  11.8
        D:8 |     315 |    2326 |  88.1 |      17 |      14 |  45.2
        D:9 |    2298 |       0 |   0.0 |      31 |       0 |   0.0
       D:10 |    3787 |    5828 |  60.6 |      30 |      52 |  63.4
       D:11 |    6713 |    3579 |  34.8 |      42 |      23 |  35.4
       D:12 |    3929 |     831 |  17.5 |      26 |       1 |   3.7
       D:13 |   10301 |    1656 |  13.8 |      43 |       9 |  17.3
       D:14 |    8217 |   13417 |  62.0 |      40 |      42 |  51.2
       D:15 |    9642 |    7443 |  43.6 |      25 |      12 |  32.4
     Lair:1 |    1457 |       0 |   0.0 |       9 |       0 |   0.0
     Lair:2 |    2009 |    2415 |  54.6 |       9 |       5 |  35.7
     Lair:3 |    4347 |    1434 |  24.8 |      13 |       8 |  38.1
     Lair:4 |    7421 |     425 |   5.4 |      32 |       1 |   3.0
     Lair:5 |    2784 |    2740 |  49.6 |      10 |       1 |   9.1
     Lair:6 |   12872 |    2942 |  18.6 |      34 |       5 |  12.8
    Swamp:1 |   11379 |       0 |   0.0 |      32 |       0 |   0.0
    Swamp:2 |   12248 |    2625 |  17.6 |      32 |      12 |  27.3
    Swamp:3 |   11996 |       0 |   0.0 |      31 |       0 |   0.0
    Swamp:4 |   15665 |   15444 |  49.6 |      40 |      25 |  38.5
    Snake:1 |   22743 |    3485 |  13.3 |      41 |       6 |  12.8
    Snake:2 |   25112 |    3536 |  12.3 |      45 |       4 |   8.2
    Snake:3 |   17982 |    6086 |  25.3 |      35 |      13 |  27.1
    Snake:4 |    9084 |    9177 |  50.3 |      21 |      12 |  36.4
      Orc:1 |    5427 |    4046 |  42.7 |      45 |       7 |  13.5
      Orc:2 |    2075 |    7730 |  78.8 |      28 |      40 |  58.8
      IceCv |       0 |   11228 | 100.0 |       0 |      50 | 100.0
    Volcano |       0 |    6678 | 100.0 |       0 |      11 | 100.0
            +---------+---------+-------+---------+---------+-------
